 Dungeon Crawl Stone Soup version 0.25-a0-36-g303dd5b1f4 (webtiles) character file.

Game seed: 11632910476070738895, levelgen mode: deterministic

5 Gynju the Firebug (level 1, 0/10 HPs)
             Began as a Deep Elf Fire Elementalist on Oct 20, 2019.
             Slain by a jackal (1 damage)
             ... on level 1 of the Dungeon.
             The game lasted 00:00:19 (120 turns).

Gynju the Firebug (Deep Elf Fire Elementalist)       Turns: 120, Time: 00:00:20

Health: 0/10       AC:  2    Str:  5    XL:     1   Next: 66%
Magic:  1/6        EV: 13    Int: 19    God:
Gold:   8          SH:  0    Dex: 15    Spells: 5/6 levels left

rFire    . . .     SeeInvis .   (no weapon)
rCold    . . .     Gourm    .   (no shield)
rNeg     . . .     Faith    .   a - +0 robe
rPois    .         Spirit   .   (no helmet)
rElec    .         Reflect  .   (no cloak)
rCorr    .         Harm     .   (no gloves)
MR       .....                  (no boots)
Stlth    ++........             (no amulet)
HPRegen  0.03/turn              (no ring)
MPRegen  0.10/turn              (no ring)

@: very slightly contaminated
A: no striking features
a: no special abilities


You were on level 1 of the Dungeon.
You were not hungry.

You visited 1 branch of the dungeon, and saw 1 of its levels.

You collected 8 gold pieces.

Inventory:

Armour
 a - a +0 robe (worn)
Scrolls
 d - a scroll of magic mapping {unknown}
Potions
 b - a potion of might {unknown}
Comestibles
 c - a ration
 f - a chunk of flesh


   Skills:
 + Level 2.6 Dodging
 - Level 2.4 Stealth
 + Level 3.1 Spellcasting
 + Level 1.3 Conjurations
 + Level 3.4 Fire Magic


You had 5 spell levels left.
You knew the following spells:

 Your Spells              Type           Power        Failure   Level  Hunger
a - Flame Tongue          Conj/Fire      ##...        6%          1    None

Your spell library contained the following spells:

 Spells                   Type           Power        Failure   Level  Hunger
 Throw Flame              Conj/Fire      ##....       9%          2    ##.....
 Conjure Flame            Conj/Fire      ##......     17%         3    ###....
 Inner Flame              Hex/Fire       #.......     22%         3    ###....
 Sticky Flame             Conj/Fire      ##......     50%         4    ####...
 Fireball                 Conj/Fire      ##........   85%         5    ######.


Dungeon Overview and Level Annotations

Branches:
Dungeon (1/15)

Altars:


Message History

Casting: Flame Tongue (safe; 6% risk of failure)
Confirm with . or Enter, or press ? or * to list all spells.
You don't have enough magic to cast that spell.
Casting: Flame Tongue (safe; 6% risk of failure)
Confirm with . or Enter, or press ? or * to list all spells.
You don't have enough magic to cast that spell.
The bat hits you but does no damage. The jackal closely misses you.
You miss the bat. The bat hits you but does no damage. x2
The jackal closely misses you. The bat barely misses you.
The jackal closely misses you.
You see here 24 bolts.
The bat misses you.
There is a dry fountain here.
The bat hits you but does no damage. The jackal bites you.
* * * LOW HITPOINT WARNING * * *
The bat closely misses you.
You miss the bat. The bat hits you but does no damage.
The jackal closely misses you. The bat barely misses you.
The bat hits you but does no damage. The jackal bites you.
You die...

#.# ###.## #....#
#.##.############
#.##...g........#
#.##..#######...##
#.#...(.)........#
#÷##...⌠.⌠.⌠.....##
#.###...gh@.......#
#.# ##..⌠.⌠.......#
#.# ##...(.......#
#.# #..⌠b......##
#.######.........#
#................#
##.#####.........#
### ##........#
##........##


You could see a jackal, a hobgoblin and a bat.

Vanquished Creatures
  A hobgoblin (D:1)
  2 jackals (D:1)
  A bat (D:1)
  A rat (D:1)
5 creatures vanquished.

Notes
Turn   | Place    | Note
-------+----------+-------------------------------------------
     0 | D:1      | Gynju the Deep Elf Fire Elementalist began the quest for
                  | the Orb.
     0 | D:1      | Reached XP level 1. HP: 10/10 MP: 6/6
   120 | D:1      | Slain by a jackal

Levels and vault maps discovered:
D:1:      eino_arrival_cavern_a, layout_basic

Action                   || total
-------------------------++-------
Melee: Unarmed           ||     2
 Cast: Flame Tongue      ||     9
Armor: Robe              ||    14
Dodge: Dodged            ||    38

Table legend:
 A = Non-vault XP
 B = Vault XP
 C = Vault XP percentage of total XP
 D = Non-vault monster count
 E = Vault monster count
 F = Vault count percentage of total count
                 A         B        C        D         E       F
            +---------+---------+-------+---------+---------+-------
      Total |       8 |       0 |   0.0 |       5 |       0 |   0.0
            +---------+---------+-------+---------+---------+-------
        D:1 |       8 |       0 |   0.0 |       5 |       0 |   0.0
            +---------+---------+-------+---------+---------+-------
